 Dungeon Sprint DCSS version 0.27-a0-1084-g78b3836a5f (webtiles) character file.

Game seed: 3895965224653233265

1946 mhtbhm the Scorcher (level 8, -15/41 HPs)
             Began as a Deep Elf Fire Elementalist on Apr 27, 2021.
             Was a Believer of Vehumet.
             Shot with an arrow by a deep elf archer (34 damage)
             ... in the Dungeon (Sprint V: "Ziggurat Sprint").
             The game lasted 00:02:27 (394 turns).

mhtbhm the Scorcher (Deep Elf Fire Elementalist)     Turns: 394, Time: 00:02:27

Health: -15/41     AC:  5    Str:  5    XL:     8   Next: 98%
Magic:  25/25      EV: 16    Int: 35    God:    Vehumet [**....]
Gold:   0          SH:  0    Dex: 15    Spells: 19/30 levels left

rFire    + . .     SeeInvis .   C - +8 lance "Wyrmbane" {slay drac, rPois rF+ rC+ AC+3}
rCold    + . .     Faith    .   (no shield)
rNeg     . . .     Spirit   .   a - +0 robe
rPois    +         Reflect  .   (no helmet)
rElec    .         Harm     .   (no cloak)
rCorr    .         Rampage  .   (no gloves)
Will     .....     NoTele   +   (no boots)
Stlth    +++.......             (no amulet)
HPRegen  0.13/turn              u - +6 ring of intelligence
MPRegen  0.19/turn              v - +6 ring of intelligence

@: no status effects
A: no striking features
a: Renounce Religion


You were in the Dungeon.
You worshipped Vehumet.
Vehumet was pleased with you.
You visited 1 branch

Inventory:

Hand Weapons
 C - the +8 lance "Wyrmbane" (weapon) {slay drac, rPois rF+ rC+ AC+3}
   (You found it in the Dungeon)

   It affects your AC (+3).
   It protects you from fire.
   It protects you from cold.
   It protects you from poison.
Armour
 a - a +0 robe (worn)
Jewellery
 u - a +6 ring of intelligence (left hand)
 v - a +6 ring of intelligence (right hand)
Wands
 y - a wand of mindburst (5)
 A - a wand of acid (2)
Scrolls
 h - 3 scrolls of blinking
 m - 4 scrolls of amnesia
 n - 7 scrolls of fog
 o - a scroll of holy word
 p - 5 scrolls of identify
 q - a scroll of fear
Potions
 b - 2 potions of brilliance
 c - 10 potions of curing
 d - 7 potions of heal wounds
 e - 6 potions of haste
 f - 7 potions of magic
 g - 3 potions of berserk rage
 i - 2 potions of invisibility
 j - 4 potions of resistance
 k - a potion of experience
 l - 5 potions of might
Miscellaneous
 B - a lightning rod (4/4)


   Skills:
 + Level 9.0 Dodging
 - Level 4.3 Stealth
 + Level 11.7 Spellcasting
 + Level 3.7 Conjurations
 + Level 15.5 Fire Magic
 + Level 7.2 Evocations


You had 19 spell levels left.
You knew the following spells:

 Your Spells              Type           Power      Damage    Failure   Level
a - Foxfire               Conj/Fire      100%       2x1d9     1%          1
b - Conjure Flame         Conj/Fire      73%        6-21      1%          3
c - Inner Flame           Hex/Fire       65%        N/A       1%          3
d - Sticky Flame          Conj/Fire      73%        2d9       1%          4

Your spell library contained the following spells:

 Spells                   Type           Power      Damage    Failure   Level
 Magic Dart               Conj           100%       1d8       1%          1
 Freeze                   Ice            80%        1d9       1%          1
 Fireball                 Conj/Fire      36%        3d15      1%          5
 Bolt of Magma            Conj/Fire/Erth 30%        4d14      4%          5
 Frozen Ramparts          Ice            40%        1d6       6%          3
 Ozocubu's Armour         Ice            20%        N/A       6%          3
 Hailstorm                Conj/Ice       33%        3d8       10%         4
 Animate Armour           Summ/Erth      40%        N/A       21%         4
 Leda's Liquefaction      Hex/Erth       10%        N/A       21%         4
 Metabolic Englaciation   Hex/Ice        10%        N/A       50%         5
 Iron Shot                Conj/Erth      16%        9d4       83%         6
 Statue Form              Tmut/Erth      13%        N/A       97%         6
 Shatter                  Erth           10%        3d11*     100%        9


Dungeon Overview and Level Annotations

Branches:
Dungeon (1/1)

Altars:
Ashenzari
Cheibriados
Dithmenos
Elyvilon
Fedhas
Gozag
Hepliaklqana
Kikubaaqudgha
Makhleb
Nemelex Xobeh
Okawaru
Qazlal
Ru
Sif Muna
Trog
Uskayaw
Vehumet
Wu Jian
Xom
Yredelemnul
Zin
The Shining One
Beogh
Jiyva
Lugonu

Annotations:
D 1 transporter


Message History

The bolt of acid hits the deep elf knight!!
The deep elf knight is splashed with acid.
The acid corrodes the deep elf knight!
The deep elf knight is almost dead.
The bolt of acid misses the deep elf archer.
Unknown command.
Unknown command.
Unknown command.
Aiming: Corrosive Bolt
Press: ? - help, Shift-Dir - straight line, f/p - deep elf archer
Aim: a deep elf archer, wielding a +0 shortbow, wearing a +0 leather armour and quivering arrows (heavily wounded, repelling missiles, 42% to hit)
The bolt of acid hits the deep elf knight!!
The deep elf knight is splashed with acid.
You kill the deep elf knight!
Vehumet accepts your kill.
You feel your power returning.
The bolt of acid misses the deep elf archer.
Your lightning rod (4/4) has regained one charge.
Your Dodging skill increases to level 9!
Your Fire Magic skill increases to level 15!
Your Evocations skill increases to level 7!
Unknown command.
Unknown command.
You feel much better.
The deep elf knight gestures at you while chanting.
The shard of ice hits you!! You partially resist.
Ouch! That really hurt!
The deep elf archer blinks!
Unknown command.
You feel much better.
The deep elf knight hits you with a +0 scimitar.
Unknown command.
Aiming: Corrosive Bolt
Press: ? - help, Shift-Dir - straight line, f/p - deep elf archer
Aim: a deep elf archer, wielding a +0 shortbow, wearing a +0 leather armour and quivering arrows (heavily wounded, repelling missiles, 42% to hit)
The bolt of acid misses the deep elf archer.
The deep elf knight hits you with a +0 scimitar!
The deep elf archer shoots an arrow.
The arrow hits you!!
Ouch! That really hurt!
You die...

▓▓▓▓▓▓▓▓▓▓▓▓▓▓▓▓▓▓▓
▓.8©8@▓.8©8.▓.8©8.▓
▓.[|}e▓.}=[.▓.....▓
▓..|..▓..)..▓.....▓
▓..e..▓...).▓.....▓
▓.....▓.....▓..††.▓
▓.....▓.....▓..©..▓
▓..©..▓..©..▓▓▓▓▓▓▓
▓▓▓▓▓▓▓▓▓▓▓▓▓


You could see a deep elf archer (repels missiles) and a deep elf knight.

Vanquished Creatures
  A deep elf knight (D)
  3 draconians (D)
  A fire elemental (D)
  2 scorpions (D)
7 creatures vanquished.

Notes
Turn   | Place    | Note
-------+----------+-------------------------------------------
     0 | D        | mhtbhm the Deep Elf Fire Elementalist began the quest for
                  | the Orb.
     0 | D        | Reached XP level 1. HP: 10/10 MP: 6/6
     0 | D        | Found a shimmering blue altar of Sif Muna.
     0 | D        | Found a bloodstained altar of Trog.
     0 | D        | Found a sacrificial altar of Ru.
     0 | D        | Found a stormy altar of Qazlal.
     0 | D        | Found an iron altar of Okawaru.
     1 | D        | Found a sparkling altar of Nemelex Xobeh.
     1 | D        | Found a blossoming altar of Fedhas.
     2 | D        | Found the +6 Majin-Bo {vamp, MP+6 Int+6}
     2 | D        | Found the +9 heavy crossbow "Sniper" {vorpal, Acc+∞ SInv}
     2 | D        | Found the +10 dark maul {vorpal}
     2 | D        | Found the +15 Maxwell's patent armour {-Cast -Tele rElec
                  | Will+ rCorr}
     2 | D        | Found the +18 shield of the Gong {rElec rN+ Will+ EV-5}
     2 | D        | Found the +14 obsidian axe {vorpal, Drain Fly SInv}
     2 | D        | Found the +7 great mace "Firestarter" {inner flame, rF++}
     2 | D        | Found the +6 shillelagh "Devastator" {shatter}
     2 | D        | Found the +11 plutonium sword {Contam Stlth-}
     2 | D        | Found the +8 lance "Wyrmbane" {slay drac, rPois rF+ rC+
                  | AC+3}
     2 | D        | Found the +9 sword of Zonguldrok {reap}
     2 | D        | Found the +13 scythe of Curses {drain, Drain}
     2 | D        | Found the +5 sword of Power {vorpal}
     2 | D        | Found the +7 mace of Variability {chain chaos}
     2 | D        | Found the +7 Singing Sword {vorpal, sonic wave}
     2 | D        | Found the +8 storm bow {elec, penet}
     3 | D        | Found a transporter.
     3 | D        | Found an ancient bone altar of Kikubaaqudgha.
     3 | D        | Found a viscous altar of Jiyva.
     3 | D        | Found a corrupted altar of Lugonu.
     3 | D        | Found a hazy altar of Hepliaklqana.
     3 | D        | Found a burning altar of Makhleb.
     3 | D        | Found an opulent altar of Gozag.
    35 | D        | Became a worshipper of Vehumet
    59 | D        | Entered arena 2.
    59 | D        | Noticed a scorpion
    59 | D        | Noticed a scorpion
    59 | D        | Found a transporter.
    62 | D        | Killed a scorpion
    62 | D        | Killed a scorpion
    63 | D        | Reached skill level 8 in Fire Magic
    63 | D        | Reached skill level 1 in Evocations
    63 | D        | Reached XP level 2. HP: 15/15 MP: 7/11
    63 | D        | Reached XP level 3. HP: 19/19 MP: 7/12
    63 | D        | Reached XP level 4. HP: 24/24 MP: 8/14
   210 | D        | Learned a level 3 spell: Conjure Flame
   214 | D        | Learned a level 3 spell: Inner Flame
   219 | D        | Learned a level 4 spell: Sticky Flame
   222 | D        | Entered arena 3.
   222 | D        | Noticed a draconian
   222 | D        | Noticed a draconian
   222 | D        | Noticed a draconian
   222 | D        | Found a transporter.
   233 | D        | Killed a draconian
   233 | D        | Reached * piety under Vehumet
   233 | D        | Offered knowledge of Magic Dart by Vehumet.
   234 | D        | Reached skill level 12 in Fire Magic
   234 | D        | Reached XP level 5. HP: 28/28 MP: 14/18
   234 | D        | Reached XP level 6. HP: 32/32 MP: 15/20
   235 | D        | Killed a draconian
   236 | D        | Reached skill level 10 in Spellcasting
   236 | D        | Reached skill level 13 in Fire Magic
   236 | D        | Reached skill level 5 in Evocations
   236 | D        | Reached XP level 7. HP: 36/36 MP: 16/22
   238 | D        | Killed a draconian
   239 | D        | Reached skill level 14 in Fire Magic
   239 | D        | Reached XP level 8. HP: 41/41 MP: 16/24
   384 | D        | Entered arena 4.
   384 | D        | Noticed a deep elf knight
   384 | D        | Noticed a deep elf archer
   384 | D        | Noticed a deep elf knight
   384 | D        | Found a transporter.
   386 | D        | Reached ** piety under Vehumet
   391 | D        | Killed a deep elf knight
   392 | D        | Reached skill level 15 in Fire Magic
   394 | D        | Shot with an arrow by a deep elf archer

Illustrated notes

Levels and vault maps discovered:
D:        sprint_v [room_start, room_1, room_2, room_3, room_4, room_5, room_6,
          room_7, room_8, room_9, room_10, room_11, room_12, room_13, room_14,
          room_15, room_16, room_17, room_18, room_19, room_20, room_21,
          room_22, room_23, room_24, room_25, room_26, room_27]

Skill      XL: |  1  2  3  4  5  6  7  8 |
---------------+-------------------------+-----
Dodging        | 4 6 7 8 9 |  9.0
Stealth        | 4 |  4.3
Spellcasting   | 6 9 10 11 | 11.7
Fire Magic     | 8 12 13 14 15 | 15.5
Evocations     | 1 4 5 7 |  7.2
Conjurations   | 2 3 |  3.7

Action                   |  1- 3 |  4- 6 |  7- 9 || total
-------------------------+-------+-------+-------++-------
Evoke: Lightning rod     |     2 |     1 |     3 ||     6
       Wand              |     1 |     8 |     5 ||    14
  Use: Scroll            |       |     1 |     1 ||     2
       Potion            |       |       |     3 ||     3
Armor: Robe              |     1 |       |       ||     1
Dodge: Dodged            |     1 |       |     1 ||     2

Table legend: (Time is in decaauts)
 A = Elapsed time spent in this place.
 B = Non-inter-level travel time spent in this place.
 C = Inter-level travel time spent in this place.
 D = Time resting spent in this place.
 E = Time spent auto-exploring this place.
 F = Levels seen in this place.
 G = Mean time per level.
                   A        B        C        D        E       F      G
               +--------+--------+--------+--------+--------+-----+--------+
         Total |    392 |    392 |      0 |    261 |      0 |   1 |  392.0 |
       Dungeon |    392 |    392 |      0 |    261 |      0 |   1 |  392.0 |
               +--------+--------+--------+--------+--------+-----+--------+

Top non-repeatable levels by time:
       D: 392 daAuts
